PBL
COLUMBUS REDS @ SOUTHERN MARYLAND BLUE CRABS
10/02/2047
 
TOP OF THE 1ST
Columbus Reds batting - Pitching for Southern Maryland Blue Crabs : RHP Bruce Yeager
Pitching: RHP Bruce Yeager
Batting: RHB Ernie Maldonado 0-0: Called Strike
0-1: Ball
1-1: Ball
2-1: Fly out, F7 (Flyball, 7D, EV 85.0 MPH)
Batting: RHB Aaron Barraza 0-0: Ball
1-0: Foul Ball, location: 2F
1-1: Foul Ball, location: 2F
1-2: Foul Ball, location: 2F
1-2: Strikes out looking
Batting: RHB Randy Grewe 0-0: Called Strike
0-1: Foul Ball, location: 2F
0-2: Foul Ball, location: 2F
0-2: Ball
1-2: Foul Ball, location: 2F
1-2: Foul Ball, location: 2F
1-2: Ball
2-2: Foul Ball, location: 2F
2-2: Ball
3-2: Ground out 6-3 (Groundball, 6, EV 78.8 MPH)
Top of the 1st over - 0 runs, 0 hits, 0 errors, 0 left on base; Columbus 0 - Southern Maryland 0
BOTTOM OF THE 1ST
Southern Maryland Blue Crabs batting - Pitching for Columbus Reds : RHP Eudaldo Cuyco
Pitching: RHP Eudaldo Cuyco
Batting: SHB Eric Kelley 0-0: Ball
1-0: Called Strike
1-1: Foul Ball, location: 2F
1-2: Ball
2-2: Foul Ball, location: 2F
2-2: Foul Ball, location: 2F
2-2: Ball
3-2: Fly out, F6 (Popup, 6, EV 73.8 MPH)
Batting: RHB Dou-wan Pan 0-0: Ball
1-0: Ball
2-0: Ball
3-0: Called Strike
3-1: Base on Balls
Batting: LHB Jeremy Nuzzo 0-0: Ball
1-0: Fly out, F9 (Flyball, 9, EV 92.5 MPH)
Batting: LHB Xue-liang Zhou 0-0: Foul Ball, location: 2F
0-1: Foul Ball, location: 2F
0-2: Foul Ball, location: 2F
0-2: SINGLE (Line Drive, 9LS, EV 112.5 MPH)
Dou-wan Pan to second
Batting: RHB C.J. Wells 0-0: Ball
1-0: Called Strike
1-1: Ball
2-1: Ball
3-1: Base on Balls
Dou-wan Pan to third
Xue-liang Zhou to second
Batting: RHB Eddie Morin 0-0: Foul Ball, location: 2F
0-1: Fielders Choice at 2nd, 6-4 (Groundball, 6, EV 83.8 MPH)
Bottom of the 1st over - 0 runs, 1 hit, 0 errors, 3 left on base; Columbus 0 - Southern Maryland 0
TOP OF THE 2ND
Columbus Reds batting - Pitching for Southern Maryland Blue Crabs : RHP Bruce Yeager
Batting: RHB Kevin Larner 0-0: Called Strike
0-1: Foul Ball, location: 2F
0-2: Strikes out swinging
Batting: RHB Ruben Cantu 0-0: Ball
1-0: Called Strike
1-1: Foul Ball, location: 2F
1-2: Strikes out swinging
Batting: RHB Oscar Chapa 0-0: Swinging Strike
0-1: Ball
1-1: Foul Ball, location: 2F
1-2: Ground out 4-3 (Groundball, 4, EV 86.2 MPH)
Top of the 2nd over - 0 runs, 0 hits, 0 errors, 0 left on base; Columbus 0 - Southern Maryland 0
BOTTOM OF THE 2ND
Southern Maryland Blue Crabs batting - Pitching for Columbus Reds : RHP Eudaldo Cuyco
Batting: RHB Han Caspers 0-0: Foul Ball, location: 2F
0-1: Bunted foul
0-2: Ground out 4-3 (Groundball, 4MS, EV 71.2 MPH)
Batting: LHB Ivan Alvarez 0-0: Ball
1-0: DOUBLE (Groundball, 3L, EV 96.2 MPH)
Batting: RHB Imbart van Rens 0-0: Called Strike
0-1: Fly out, F2 (Popup, 23F, EV 86.9 MPH)
Batting: SHB Eric Kelley 0-0: Ball
1-0: Foul Ball, location: 2F
1-1: Ball
2-1: Foul Ball, location: 2F
2-2: Foul Ball, location: 2F
2-2: Fly out, F8 (Line Drive, 8LD, EV 90.0 MPH)
Bottom of the 2nd over - 0 runs, 1 hit, 0 errors, 1 left on base; Columbus 0 - Southern Maryland 0
TOP OF THE 3RD
Columbus Reds batting - Pitching for Southern Maryland Blue Crabs : RHP Bruce Yeager
Batting: LHB Jose Cruz 0-0: Foul Ball, location: 2F
0-1: Ball
1-1: Ball
2-1: Ball
3-1: Called Strike
3-2: Foul Ball, location: 2F
3-2: Strikes out swinging
Batting: LHB Mike Becerra 0-0: Ball
1-0: Ball
2-0: Ball
3-0: Called Strike
3-1: Swinging Strike
3-2: Strikes out swinging
Batting: RHB Cornholdo Schwerin 0-0: Ball
1-0: Called Strike
1-1: Ball
2-1: Foul Ball, location: 2F
2-2: Ball
3-2: Foul Ball, location: 2F
3-2: Foul Ball, location: 2F
3-2: Foul Ball, location: 2F
3-2: Base on Balls
Batting: RHB Ernie Maldonado 0-0: Called Strike
0-1: Foul Ball, location: 2F
0-2: Ball
1-2: Ball
2-2: Strikes out looking
Top of the 3rd over - 0 runs, 0 hits, 0 errors, 1 left on base; Columbus 0 - Southern Maryland 0
BOTTOM OF THE 3RD
Southern Maryland Blue Crabs batting - Pitching for Columbus Reds : RHP Eudaldo Cuyco
Batting: RHB Dou-wan Pan 0-0: Ball
1-0: Swinging Strike
1-1: Ball
2-1: Ground out 6-3 (Groundball, 6, EV 84.4 MPH)
Batting: LHB Jeremy Nuzzo 0-0: Called Strike
0-1: Ball
1-1: Ball
2-1: SINGLE (Groundball, 6MD, EV 103.8 MPH)
Batting: LHB Xue-liang Zhou 0-0: SINGLE (Groundball, 6MS, EV 66.2 MPH) (infield hit)
Jeremy Nuzzo to second
Batting: RHB C.J. Wells 0-0: SINGLE (Groundball, 6M, EV 90.6 MPH) (infield hit)
Jeremy Nuzzo to third
Xue-liang Zhou to second
Batting: RHB Eddie Morin 0-0: Ball
1-0: Ball
2-0: Called Strike
2-1: Foul Ball, location: 2F
2-2: Foul Ball, location: 2F
2-2: Strikes out looking
Batting: RHB Han Caspers 0-0: Fielders Choice at 2nd, 6-4 (Groundball, 6, EV 104.4 MPH)
Bottom of the 3rd over - 0 runs, 3 hits, 0 errors, 3 left on base; Columbus 0 - Southern Maryland 0
TOP OF THE 4TH
Columbus Reds batting - Pitching for Southern Maryland Blue Crabs : RHP Bruce Yeager
Batting: RHB Aaron Barraza 0-0: Ball
1-0: Called Strike
1-1: Ball
2-1: Foul Ball, location: 2F
2-2: Foul Ball, location: 2F
2-2: Foul Ball, location: 2F
2-2: Fly out, F5 (Line Drive, 56, EV 68.8 MPH)
Batting: RHB Randy Grewe 0-0: Fly out, F7 (Flyball, 78D, EV 86.9 MPH)
Batting: RHB Kevin Larner 0-0: Foul Ball, location: 2F
0-1: Foul Ball, location: 2F
0-2: Foul Ball, location: 2F
0-2: Ground out 4-3 (Groundball, 34, EV 98.1 MPH)
Top of the 4th over - 0 runs, 0 hits, 0 errors, 0 left on base; Columbus 0 - Southern Maryland 0
BOTTOM OF THE 4TH
Southern Maryland Blue Crabs batting - Pitching for Columbus Reds : RHP Eudaldo Cuyco
Batting: LHB Ivan Alvarez 0-0: Called Strike
0-1: Ball
1-1: Ball
2-1: Ball
3-1: Ground out 6-3 (Groundball, 6, EV 106.2 MPH)
Batting: RHB Imbart van Rens 0-0: Ball
1-0: Ball
2-0: Ground out 4-3 (Groundball, 34, EV 104.4 MPH)
Batting: SHB Eric Kelley 0-0: Called Strike
0-1: SINGLE (Line Drive, 6D, EV 111.2 MPH)
Batting: RHB Dou-wan Pan 0-0: Swinging Strike
0-1: Ball
1-1: Foul Ball, location: 2F
1-2: Strikes out swinging
Bottom of the 4th over - 0 runs, 1 hit, 0 errors, 1 left on base; Columbus 0 - Southern Maryland 0
TOP OF THE 5TH
Columbus Reds batting - Pitching for Southern Maryland Blue Crabs : RHP Bruce Yeager
Batting: RHB Ruben Cantu 0-0: Called Strike
0-1: SINGLE (Groundball, 6D, EV 97.5 MPH)
Batting: RHB Oscar Chapa 0-0: Ball
1-0: DOUBLE (Flyball, 8LD, EV 103.8 MPH)
Ruben Cantu to third
Runner from 3rd tries for Home, SAFE, no throw by CF
Batting: LHB Jose Cruz 0-0: Ball
1-0: Foul Ball, location: 2F
1-1: Foul Ball, location: 2F
1-2: Foul Ball, location: 2F
1-2: Strikes out swinging
Batting: LHB Mike Becerra 0-0: Ball
1-0: Swinging Strike
1-1: Ground out 6-3 (Groundball, 6M, EV 87.5 MPH)
Oscar Chapa to third
Batting: RHB Cornholdo Schwerin 0-0: Called Strike
0-1: Swinging Strike
0-2: Ball
1-2: Foul Ball, location: 2F
1-2: Fly out, F8 (Flyball, 8RM, EV 78.1 MPH)
Top of the 5th over - 1 run, 2 hits, 0 errors, 1 left on base; Columbus 1 - Southern Maryland 0
BOTTOM OF THE 5TH
Southern Maryland Blue Crabs batting - Pitching for Columbus Reds : RHP Eudaldo Cuyco
Batting: LHB Jeremy Nuzzo 0-0: Fly out, F8 (Line Drive, 78M, EV 85.0 MPH)
Batting: LHB Xue-liang Zhou 0-0: Ball
1-0: Ball
2-0: Called Strike
2-1: Ball
3-1: Swinging Strike
3-2: Base on Balls
Batting: RHB C.J. Wells 0-0: Swinging Strike
0-1: Grounds into double play, 4-6-3 (Groundball, 4, EV 102.5 MPH)
Bottom of the 5th over - 0 runs, 0 hits, 0 errors, 0 left on base; Columbus 1 - Southern Maryland 0
TOP OF THE 6TH
Columbus Reds batting - Pitching for Southern Maryland Blue Crabs : RHP Bruce Yeager
Pitching: LHP Gilberto Lugo
Batting: RHB Ernie Maldonado 0-0: Ball
1-0: Called Strike
1-1: Ball
2-1: Ground out 4-3 (Groundball, 4, EV 85.6 MPH)
Batting: RHB Aaron Barraza 0-0: Ball
1-0: Ball
2-0: Called Strike
2-1: Foul Ball, location: 2F
2-2: Ball
3-2: Base on Balls
Batting: RHB Randy Grewe 0-0: Ball
1-0: Foul Ball, location: 2F
1-1: Swinging Strike
1-2: Foul Ball, location: 2F
1-2: Ball
2-2: Ball
3-2: Fly out, F7 (Flyball, 7D, EV 105.6 MPH)
Batting: RHB Kevin Larner 0-0: Foul Ball, location: 2F
0-1: Ball
1-1: Ball
2-1: Foul Ball, location: 2F
2-2: Ball
3-2: Fly out, F9 (Flyball, 89M, EV 88.8 MPH)
Top of the 6th over - 0 runs, 0 hits, 0 errors, 1 left on base; Columbus 1 - Southern Maryland 0
BOTTOM OF THE 6TH
Southern Maryland Blue Crabs batting - Pitching for Columbus Reds : RHP Eudaldo Cuyco
Batting: RHB Eddie Morin 0-0: Ball
1-0: Ball
2-0: Ground out 5-3 (Groundball, 5, EV 81.9 MPH)
Batting: RHB Han Caspers 0-0: Ball
1-0: Ball
2-0: Foul Ball, location: 2F
2-1: Fly out, F9 (Flyball, 9S, EV 86.2 MPH)
Batting: LHB Ivan Alvarez 0-0: Ball
1-0: Swinging Strike
1-1: Foul Ball, location: 2F
1-2: Ball
2-2: Strikes out swinging
Bottom of the 6th over - 0 runs, 0 hits, 0 errors, 0 left on base; Columbus 1 - Southern Maryland 0
TOP OF THE 7TH
Columbus Reds batting - Pitching for Southern Maryland Blue Crabs : LHP Gilberto Lugo
Batting: RHB Ruben Cantu 0-0: Called Strike
0-1: Called Strike
0-2: Foul Ball, location: 2F
0-2: Strikes out looking
Batting: RHB Oscar Chapa 0-0: Called Strike
0-1: Foul Ball, location: 2F
0-2: SINGLE (Flyball, 89M, EV 90.0 MPH)
Batting: LHB Jose Cruz 0-0: Foul Ball, location: 2F
0-1: Ball
1-1: Foul Ball, location: 2F
1-2: Ball
2-2: Strikes out swinging
Pinch Hitting: RHB Ben Burkholder
Pitching: LHP Killian Wellman 0-0: Ball
1-0: Called Strike
1-1: Ball
2-1: Swinging Strike
Oscar Chapa is caught stealing 2nd base 2-4
Top of the 7th over - 0 runs, 1 hit, 0 errors, 0 left on base; Columbus 1 - Southern Maryland 0
BOTTOM OF THE 7TH
Southern Maryland Blue Crabs batting - Pitching for Columbus Reds : RHP Eudaldo Cuyco
Pitching: RHP Aaron McArdle
Now in RF: Tim Kirk
Pinch Hitting: LHB Robert Ortiz 0-0: Ball
1-0: Ball
2-0: SINGLE (Line Drive, 3L, EV 95.6 MPH)
Batting: SHB Eric Kelley 0-0: Ball
1-0: Swinging Strike
1-1: Ball
2-1: Called Strike
2-2: Foul Ball, location: 2F
2-2: Strikes out swinging
Batting: RHB Dou-wan Pan 0-0: Called Strike
0-1: Ball
1-1: Ball
2-1: Called Strike
2-2: SINGLE (Line Drive, 5D, EV 101.2 MPH)
Robert Ortiz to second
Batting: LHB Jeremy Nuzzo 0-0: Ball
1-0: Ball
2-0: Ball
3-0: Base on Balls
Robert Ortiz to third
Dou-wan Pan to second
Pitching: RHP Finlay Clamp
Batting: LHB Xue-liang Zhou 0-0: Called Strike
0-1: Ball
1-1: Ball
2-1: Called Strike
2-2: Strikes out swinging
Batting: RHB C.J. Wells 0-0: Swinging Strike
0-1: Foul Ball, location: 2F
0-2: Strikes out looking
Bottom of the 7th over - 0 runs, 2 hits, 0 errors, 3 left on base; Columbus 1 - Southern Maryland 0
TOP OF THE 8TH
Columbus Reds batting - Pitching for Southern Maryland Blue Crabs : LHP Killian Wellman
Now at 2B: Pedro Luera
Batting: LHB Tim Kirk 0-0: Ball
1-0: Foul Ball, location: 2F
1-1: Ball
2-1: Ball
3-1: Foul Ball, location: 2F
3-2: Strikes out looking
Batting: RHB Cornholdo Schwerin 0-0: Called Strike
0-1: Foul Ball, location: 2F
0-2: Foul Ball, location: 2F
0-2: Foul Ball, location: 2F
0-2: Ball
1-2: Ball
2-2: Foul Ball, location: 2F
2-2: Foul Ball, location: 2F
2-2: Ball
3-2: Foul Ball, location: 2F
3-2: Strikes out swinging
Batting: RHB Ernie Maldonado 0-0: Ball
1-0: Ball
2-0: Ball
3-0: Swinging Strike
3-1: Base on Balls
Batting: RHB Aaron Barraza 0-0: Swinging Strike
0-1: Swinging Strike
0-2: Ball
1-2: Foul Ball, location: 2F
1-2: Ball
2-2: Foul Ball, location: 2F
2-2: Ball
3-2: Base on Balls
Ernie Maldonado to second
Batting: RHB Randy Grewe 0-0: Ball
1-0: SINGLE (Groundball, 6MD, EV 97.5 MPH)
Ernie Maldonado to third
Aaron Barraza to second
Runner from 3rd tries for Home, SAFE, throw by CF to home
Batting: RHB Kevin Larner 0-0: Swinging Strike
0-1: Called Strike
0-2: Foul Ball, location: 2F
0-2: Foul Ball, location: 2F
0-2: Ball
1-2: Foul Ball, location: 2F
1-2: DOUBLE (Line Drive, 89XD, EV 110.0 MPH)
Aaron Barraza scores
Randy Grewe to third
Batting: RHB Ruben Cantu 0-0: Ball
1-0: Ball
2-0: Called Strike
2-1: Ground out 6-3 (Groundball, 6, EV 83.1 MPH)
Top of the 8th over - 2 runs, 2 hits, 0 errors, 2 left on base; Columbus 3 - Southern Maryland 0
BOTTOM OF THE 8TH
Southern Maryland Blue Crabs batting - Pitching for Columbus Reds : RHP Finlay Clamp
Batting: LHB Stu Proulx 0-0: Ball
1-0: Called Strike
1-1: Ball
2-1: Ball
3-1: Foul Ball, location: 2F
3-2: Strikes out looking
Batting: RHB Han Caspers 0-0: Ball
1-0: Ground out 4-3 (Groundball, 4, EV 84.4 MPH)
Batting: LHB Ivan Alvarez 0-0: Ground out U3 (Groundball, 3, EV 77.5 MPH)
Bottom of the 8th over - 0 runs, 0 hits, 0 errors, 0 left on base; Columbus 3 - Southern Maryland 0
TOP OF THE 9TH
Columbus Reds batting - Pitching for Southern Maryland Blue Crabs : LHP Killian Wellman
Pinch Hitting: RHB Jay Harrison 0-0: Called Strike
0-1: Ball
1-1: SINGLE (Flyball, 78S, EV 89.4 MPH)
Pitching: RHP Hajato Takahashi
Pinch Hitting: SHB Cesar Pelayo 0-0: Called Strike
0-1: Ball
1-1: Swinging Strike
1-2: Ball
2-2: Ball
3-2: Strikes out swinging
Batting: LHB Tim Kirk 0-0: Ball
1-0: Ball
2-0: Swinging Strike
2-1: 2-RUN HOME RUN (Flyball, 7D, EV 104.4 MPH), Distance : 389 ft
Batting: RHB Cornholdo Schwerin 0-0: Foul Ball, location: 2F
0-1: Called Strike
0-2: Ball
1-2: Foul Ball, location: 2F
1-2: Ball
2-2: Strikes out swinging
Batting: RHB Ernie Maldonado 0-0: Ball
1-0: Called Strike
1-1: Swinging Strike
1-2: Strikes out swinging
Top of the 9th over - 2 runs, 2 hits, 0 errors, 0 left on base; Columbus 5 - Southern Maryland 0
BOTTOM OF THE 9TH
Southern Maryland Blue Crabs batting - Pitching for Columbus Reds : RHP Finlay Clamp
Now at SS: Alex Juarez
Now in LF: Ed Santibanez
Batting: RHB Pedro Luera 0-0: Called Strike
0-1: Ball
1-1: Ball
2-1: SINGLE (Line Drive, 78S, EV 96.9 MPH)
Batting: SHB Eric Kelley 0-0: Called Strike
0-1: Ball
1-1: Swinging Strike
1-2: Strikes out swinging
Batting: RHB Dou-wan Pan 0-0: Ball
1-0: Swinging Strike
1-1: Ball
2-1: Ball
3-1: Base on Balls
Pedro Luera to second
Pitching: RHP Toyohiro Nakagawa
Batting: LHB Jeremy Nuzzo 0-0: Ball
1-0: SINGLE (Groundball, 34D, EV 101.9 MPH)
Pedro Luera to third
Dou-wan Pan to second
Batting: LHB Xue-liang Zhou 0-0: Fly out, F7 (Flyball, 78M, EV 91.2 MPH)
Batting: RHB C.J. Wells 0-0: Ball
1-0: SINGLE (Line Drive, 8RS, EV 95.6 MPH)
Pedro Luera scores
Dou-wan Pan to third
Jeremy Nuzzo to second
Pitching: RHP Victor Uriegas
Batting: LHB Stu Proulx 0-0: Called Strike
0-1: Swinging Strike
0-2: Foul Ball, location: 2F
0-2: Ball
1-2: Ball
2-2: Strikes out swinging
Bottom of the 9th over - 1 run, 3 hits, 0 errors, 3 left on base; Columbus 5 - Southern Maryland 1
Thursday, December 15th , 2022 - OOTP Baseball 23.9 Build 102